 Dungeon Crawl Stone Soup version 0.17-a0-2171-ga91b4ec (webtiles) character file.

255 Goblin1989 the Twirler (level 6, -1/35 HPs)
             Began as a Gargoyle Gladiator on Oct 26, 2015.
             Was a Follower of Ru.
             Slain by an iguana (2 damage)
             ... on level 4 of the Dungeon.
             The game lasted 00:15:14 (2825 turns).

Goblin1989 the Twirler (Gargoyle Gladiator)         Turns: 2825, Time: 00:15:14

Health: -1/35      AC:  9    Str: 19    XL:     6   Next: 15%
Magic:  6/6        EV: 12    Int: 10    God:    Ru [*.....]
Gold:   183        SH:  0    Dex: 10    Spells: 0 memorised, 5 levels left

rFire  . . .     SeeInvis .     a - +0 quarterstaff
rCold  . . .     Clarity  .     b - +0 leather armour
rNeg   + . .     SustAt   .     (no shield)
rPois  ∞         Gourm    .     c - +0 helmet
rElec  +         Spirit   .     (no cloak)
rCorr  .         Warding  .     (no gloves)
rMut   .         Stasis   .     l - +0 pair of boots
MR     .....                    (no amulet)
Stlth  +.........               (no ring)
                                (no ring)

@: no potions, not resistant to hostile enchantments, very unstealthy
A: negative energy resistance 1, electricity resistance, unbreathing,
petrification resistance, rot immunity, inability to drink while threatened, AC
+4
a: Renounce Religion


You were on level 4 of the Dungeon.
You worshipped Ru.
Ru was aware of your devotion.
You were hungry.

You visited 1 branch of the dungeon, and saw 4 of its levels.

You collected 183 gold pieces.

Inventory:

Hand Weapons
 a - a +0 quarterstaff (weapon)
Missiles
 d - 3 throwing nets (quivered)
 i - 6 poisoned needles
Armour
 b - a +0 leather armour (worn)
 c - a +0 helmet (worn)
 l - a +0 pair of boots (worn)
Scrolls
 j - a scroll of magic mapping {unknown}
 n - 3 scrolls of immolation {unknown}
 o - 3 scrolls of identify {unknown}
 r - 2 scrolls of teleportation {unknown}
 s - a scroll of amnesia {unknown}
 t - a scroll of recharging {unknown}
 u - a scroll of random uselessness {unknown}
 w - a scroll of fog {unknown}
 y - a scroll of fear {unknown}
Potions
 f - a potion of resistance {unknown}
 h - a potion of lignification {unknown}
 k - 2 potions of degeneration {unknown}
 p - a potion of poison {unknown}
 q - 2 potions of curing {unknown}
 x - a potion of magic {unknown}
Comestibles
 e - 3 bread rations
 m - 5 beef jerkies
 v - a meat ration


   Skills:
 - Level 2.1 Fighting
 + Level 6.7 Staves
 - Level 1.7 Throwing
 - Level 2.4 Dodging


You had 5 spell levels left.
You didn't know any spells.

Dungeon Overview and Level Annotations

Branches:
Dungeon (4/15)
 Temple: D:4-7

Altars:
Elyvilon
Makhleb
Okawaru
Ru
Trog
Yredelemnul


Innate Abilities, Weirdness & Mutations

You are resistant to torment.
Your stone body is resilient (AC +4).
You are immune to poison.
You resist negative energy.
You are resistant to electric shocks.
You can survive without breathing.
You are immune to petrification.
You are immune to rotting.
You cannot drink potions while threatened.


Message History

You are too injured to fight recklessly!
You are too injured to fight recklessly!
You are too injured to fight recklessly!
You are too injured to fight recklessly!
You are too injured to fight recklessly!
You are too injured to fight recklessly!
You are too injured to fight recklessly!
You are too injured to fight recklessly!
You are too injured to fight recklessly!
You are too injured to fight recklessly!
You are too injured to fight recklessly!
You are too injured to fight recklessly!
You are too injured to fight recklessly!
You are too injured to fight recklessly!
You are too injured to fight recklessly!
You are too injured to fight recklessly!
You barely miss the iguana.
The iguana is heavily wounded.
The iguana bites you.
You die...

#.#...##.........
#.............(..
##..# #...!..(....
#...###...(.......
#..##.....#'.....#
####
#..##...o..o......
#... #
#.....##o### .o..
#### #. #.....##l#
o.... #.
...###....##@# .#
. ###.
#...#.##.##.# #
.##...
.#...#.......#
#....#.
...........##.#
##.#.#.
#.#...........#
#####.#.#.
............#####
#.....#...
................#
#.....#..#
........#..##.#.#
#.##.....#
...........##.#
#.##......


You could see an iguana, an orc priest and an orc.

Vanquished Creatures
  A hound (D:4)
  An iguana (D:4)
  Terence (D:3)
  Robin (D:3)
  4 gnolls (D:3)
  3 adders (D:3)
  2 oozes
  A worm (D:3)
  2 giant geckos (D:2)
  3 orcs (D:4)
  A ball python (D:2)
  6 giant cockroaches
  18 goblins
  9 hobgoblins
  6 jackals
  A quokka (D:3)
  8 bats
  4 giant newts
  9 kobolds
  9 rats
90 creatures vanquished.

Notes
Turn   | Place    | Note
--------------------------------------------------------------
     0 | D:1      | Goblin1989 the Gargoyle Gladiator began the quest for the Orb.
     0 | D:1      | Reached XP level 1. HP: 12/12 MP: 1/1
    44 | D:1      | Reached XP level 2. HP: 15/17 MP: 2/2
   190 | D:1      | Reached skill level 4 in Staves
   363 | D:1      | Reached XP level 3. HP: 9/21 MP: 3/3
  1016 | D:2      | Found a sacrificial altar of Ru.
  1025 | D:2      | Became a worshipper of Ru the Awakened
  1098 | D:2      | Found a burning altar of Makhleb.
  1098 | D:2      | Noticed a blizzard demon
  1620 | D:3      | Reached XP level 4. HP: 16/26 MP: 4/4
  1765 | D:3      | Reached skill level 5 in Staves
  1775 | D:3      | Noticed Robin
  1793 | D:3      | Killed Robin
  2135 | D:3      | Noticed Terence
  2141 | D:3      | Killed Terence
  2141 | D:3      | Reached XP level 5. HP: 26/30 MP: 5/5
  2201 | D:3      | Gained mutation: You cannot drink potions while threatened. [Ru sacrifice]
  2201 | D:3      | Reached * piety under Ru
  2291 | D:3      | Found a white marble altar of Elyvilon.
  2294 | D:3      | Found an iron altar of Okawaru.
  2297 | D:3      | Found a basalt altar of Yredelemnul.
  2320 | D:3      | Found a bloodstained altar of Trog.
  2494 | D:3      | Reached skill level 6 in Staves
  2742 | D:4      | Reached XP level 6. HP: 30/35 MP: 6/6
  2824 | D:4      | HP: 1/35 [iguana (11)]
  2825 | D:4      | Slain by an iguana

Vault maps used:
D:1:      dpeg_arrival_ternary
D:2:      lemuel_crystal_altar, minmay_misc_feat_more_columns,
          makhleb_altar_promises_db
D:3:      grunt_temple_overflow_cloverleaf, uniq_terence, uniq_robin
D:4:      first_bread

Action                   |  1- 3 |  4- 6 || total
-------------------------+-------+-------++-------
Melee: Quarterstaff      |   160 |   151 ||   311
Throw: Javelin           |       |     5 ||     5
Invok: Sacrifice Drink   |       |     1 ||     1
  Eat: Chunk             |     2 |     4 ||     6
